 Dungeon Crawl Stone Soup version 0.30-a0-779-g7971cf19c3 (webtiles) character file.

Game seed: 5049350610684626139

2307 cforsyth the Conjurer (level 9, -5/45 HPs)
             Began as a Tengu Fire Elementalist on Feb 17, 2023.
             Was an Initiate of Vehumet.
             Slain by Maggie
             ... wielding a +1 heavy war axe
              (18 damage)
             ... on level 7 of the Dungeon.
             The game lasted 00:16:31 (8951 turns).

cforsyth the Conjurer (Tengu Fire Elementalist)     Turns: 8951, Time: 00:16:31

Health: -5/45      AC:  8    Str: 13    XL:     9   Next: 41%
Magic:  1/17       EV: 17    Int: 16    God:    Vehumet [......]
Gold:   350        SH:  0    Dex: 14    Spells: 15/18 levels left

rFire   . . .      SeeInvis +    s - +4 rapier of Nightmares {flame, Will+ SInv}
rCold   . . .      Faith    .    (no shield)
rNeg    . . .      Spirit   .    a - +0 robe
rPois   .          Reflect  .    (helmet restricted)
rElec   .          Harm     .    u - +1 cloak {rCorr}
rCorr   +          Rampage  .    (no gloves)
Will    +....                    (boots unavailable)
Stlth   +++                      (no amulet)
HPRegen 0.27/turn                m - +4 ring of protection
MPRegen 0.15/turn                (no ring)

@: flying quickly and evasively, mesmerised, quick
A: beak, talons 3, nimble flight
a: Renounce Religion


You were on level 7 of the Dungeon.
You worshipped Vehumet.
Vehumet was noncommittal.
You visited 2 branches of the dungeon, and saw 8 of its levels.

You collected 350 gold pieces.

Inventory:

Hand Weapons
 o - a +4 dagger of venom
 s - the +4 rapier of Nightmares (weapon) {flame, Will+ SInv}
   (You found it on level 6 of the Dungeon)

   SInv:      It lets you see invisible.
   Will:      It increases your willpower.
Armour
 a - a +0 robe (worn)
 u - a +1 cloak of preservation (worn)
Magical Staves
 l - a staff of poison
Jewellery
 m - a +4 ring of protection (left hand)
Wands
 t - a wand of charming (6)
Scrolls
 e - 4 scrolls of teleportation
 h - 3 scrolls of amnesia {unknown}
 j - a scroll of enchant armour {unknown}
 p - 3 scrolls of poison {unknown}
 q - a scroll of torment {unknown}
 r - a scroll of noise {unknown}
Potions
 b - a potion of magic
 c - 2 potions of curing
 d - 4 potions of brilliance
 f - a potion of mutation
 g - 2 potions of invisibility
 i - a potion of lignification
 n - a potion of attraction {unknown}
 v - a potion of ambrosia {unknown}


   Skills:
 + Level 6.4 Dodging
 + Level 6.3 Stealth
 + Level 5.3 Spellcasting
 + Level 7.2 Conjurations
 + Level 6.8 Fire Magic


You had 15 spell levels left.
You knew the following spells:

 Your Spells              Type           Power      Damage    Failure   Level
a - Foxfire               Conj/Fire      100%       2x1d9     1%          1
b - Scorch                Fire           52%        2d8       1%          2

Your spell library contained the following spells:

 Spells                   Type           Power      Damage    Failure   Level
 Flame Wave               Conj/Fire      26%        2d8       9%          4
 Inner Flame              Hex/Fire       15%        N/A       11%         3
 Ignite Poison            Fire/Tmut/Pois 11%        N/A       17%         3
 Kindle Blastsparks       Fire/Tloc/Air  22%        2d11      17%         3
 Cigotuvi's Dreadful Rot  Necr/Pois/Air  8%         N/A       22%         2
 Dispel Undead            Necr           4%         3d7       83%         4
 Freezing Cloud           Conj/Ice/Air   5%         6-21      83%         5
 Death Channel            Necr           2%         N/A       100%        6


Dungeon Overview and Level Annotations

Branches:
Dungeon (7/15)             Temple (1/1) D:5

Altars:
Ashenzari
Cheibriados
Dithmenos
Elyvilon
Fedhas
Gozag
Hepliaklqana
Kikubaaqudgha
Makhleb
Nemelex Xobeh
Okawaru
Qazlal
Ru
Sif Muna
Trog
Uskayaw
Vehumet
Wu Jian
Yredelemnul
Zin
The Shining One

Shops:
D:1 [   D:3 =

Annotations:
D:7 Maggie


Innate Abilities, Weirdness & Mutations

You have a beak for a mouth.
You have claws for feet.
Your magical nature lets you fly swiftly and evasively.


Message History

The foxfire hits Maggie but does no damage.
Maggie is heavily wounded.
The foxfire hits Maggie!
Maggie is severely wounded.
You hit Maggie. You burn Maggie. Your kick misses Maggie.
Maggie is severely wounded.
Maggie gestures wildly while chanting.
Maggie attempts to bespell you! You resist with almost no effort.
Maggie gestures at you while chanting. The bolt of fire hits you!
You hit Maggie. You burn Maggie. Your kick misses Maggie.
Maggie is almost dead.
Maggie casts a spell at you. The bolt of fire hits you!
You closely miss Maggie. Your peck misses Maggie.
Maggie is almost dead.
Maggie gestures wildly while chanting.
Maggie attempts to bespell you!
You are mesmerised by Maggie!
You are too injured to fight recklessly!
You hit Maggie but do no damage. You claw Maggie. You peck Maggie.
Maggie is almost dead.
Maggie hits you with a +1 heavy war axe!
* * * LOW HITPOINT WARNING * * *
You feel much better. Maggie misses you.
Casting: Foxfire (safe; 1% risk of failure)
Confirm with . or Enter, or press ? or * to list all spells.
You conjure some foxfire!
You hit Maggie but do no damage. You claw Maggie, but do no damage.
Maggie is almost dead.
The foxfire hits Maggie but does no damage.
Maggie is almost dead.
The foxfire hits Maggie but does no damage.
Maggie is almost dead.
Maggie casts a spell at you. The bolt of fire hits you!!
* * * LOW HITPOINT WARNING * * *
You feel better.
Maggie hits you with a +1 heavy war axe!!
You die...

.................#
..............#...#
#####.........# ..## # #
##........## ..## .# #
##.........# ...#..# ##
#...>......##......#
.####.####......#..†....
..##(.# ####....§..#
..##.## #..@@§.## .....#
##...### .....# ##....#
......## ###.....#
....#...##...###..#
.....##....### #..#
.....###†.## ##..#
......#..## ..#
.....#.... #..


You could see Maggie (mesmerising).

Vanquished Creatures
  Sigmund (D:3)
  Menkaure (D:5)
  A water moccasin (D:5)
  An orc warrior (D:7)
  A black bear (D:7)
  Pargi (D:3)
  2 phantoms
  2 necrophages
  2 scorpions
  7 wights
  4 killer bees (D:7)
  A howler monkey (D:6)
  A hound (D:5)
  A gnoll bouda (D:7)
  2 orc priests
  3 jellies
  2 iguanas
  5 orc wizards
  Ijyb (D:4)
  Robin (D:3)
  8 adders
  4 gnolls
  A shadow imp (D:7)
  A white imp (D:7)
  An ufetubus (D:7)
  3 worms
  2 dart slugs
  13 orcs
  4 endoplasms
  4 giant cockroaches
  14 goblins
  11 hobgoblins
  3 jackals (D:1)
  5 quokkas
  5 ball pythons
  8 bats
  4 frilled lizards
  6 kobolds
  4 rats
141 creatures vanquished.

Vanquished Creatures (collateral kills)
  A foxfire (D:1)
1 creature vanquished.

Vanquished Creatures (others)
  9 demonic plants (D:1)
  967 foxfires
  3 fungi (D:1)
  2 plants (D:1)
  6 withered plants (D:1)
987 creatures vanquished.

Grand Total: 1129 creatures vanquished

Notes
Turn   | Place    | Note
-------+----------+-------------------------------------------
     0 | D:1      | cforsyth the Tengu Fire Elementalist began the quest for
                  | the Orb.
     0 | D:1      | Reached XP level 1. HP: 10/10 MP: 4/4
    46 | D:1      | Reached XP level 2. HP: 15/15 MP: 0/6
   611 | D:1      | Reached skill level 2 in Conjurations
   799 | D:1      | Reached XP level 3. HP: 19/19 MP: 3/7
  1004 | D:1      | Found Guumm's Armour Boutique.
  1431 | D:1      | Found a faded altar of an unknown god.
  2210 | D:2      | Reached XP level 4. HP: 24/24 MP: 2/8
  2605 | D:2      | Found a shadowy altar of Dithmenos.
  3055 | D:3      | Noticed Robin
  3064 | D:3      | Noticed Pargi
  3224 | D:3      | Killed Robin
  3391 | D:3      | Gained mutation: Your magical nature lets you fly swiftly
                  | and evasively. [Tengu growth]
  3391 | D:3      | Reached XP level 5. HP: 28/28 MP: 5/10
  3587 | D:3      | Reached skill level 3 in Conjurations
  3767 | D:3      | Found Oxzushap's Jewellery Emporium.
  3796 | D:3      | Noticed Sigmund
  3803 | D:3      | Killed Sigmund
  3804 | D:3      | Reached XP level 6. HP: 32/32 MP: 3/11
  3846 | D:3      | Killed Pargi
  3847 | D:3      | Reached skill level 4 in Conjurations
  4040 | D:3      | Reached XP level 7. HP: 36/36 MP: 9/13
  4587 | D:4      | Noticed Ijyb
  5334 | D:4      | Killed Ijyb
  5582 | D:5      | Entered Level 5 of the Dungeon
  5618 | D:5      | Reached skill level 5 in Fire Magic
  5798 | D:5      | Reached skill level 5 in Conjurations
  6086 | D:5      | Found a staircase to the Ecumenical Temple.
  6101 | D:5      | Reached XP level 8. HP: 34/41 MP: 7/15
  6113 | Temple   | Entered the Ecumenical Temple
  6437 | D:5      | Noticed Menkaure
  6441 | D:5      | Killed Menkaure
  6442 | D:5      | Reached skill level 5 in Dodging
  6503 | D:5      | Reached skill level 5 in Stealth
  7429 | D:6      | Reached skill level 6 in Conjurations
  7639 | D:6      | Identified the +4 rapier of Nightmares {flame, Will+ SInv}
  7886 | D:6      | Found a broken altar of Ashenzari.
  7980 | D:6      | Found a radiant altar of Vehumet.
  7989 | D:6      | Became a worshipper of Vehumet
  8098 | D:7      | Noticed a wyvern
  8120 | D:7      | Learned a level 2 spell: Scorch
  8197 | D:7      | Reached XP level 9. HP: 27/45 MP: 2/17
  8492 | D:7      | Reached skill level 5 in Spellcasting
  8855 | D:7      | Reached skill level 7 in Conjurations
  8912 | D:7      | Noticed Maggie
  8947 | D:7      | HP: 2/45 [Maggie/+1 heavy war axe (13)]
  8951 | D:7      | Slain by Maggie

Illustrated notes

Levels and vault maps discovered:
D:1:      tarquinn_simple_flora_water_b, layout_loops_corners, serial_shops,
          nicolae_shop_statue_plus, shapermc_ecumenical_altar_gd,
          chequers_serial_rivers_micro_d, hangedman_feature_mirror
D:2:      layout_basic, basic_altar
D:3:      layout_rooms, serial_shops, shop, uniq_sigmund, uniq_robin, uniq_pargi
D:4:      layout_loops_ring, uniq_ijyb
D:5:      layout_rooms, minmay_temple_entry_tees, hex_tiny,
          nicolae_figureground_sparkle, uniq_menkaure
D:6:      layout_basic, mainiacjoe_overflow_two_lobes, minmay_misc_feat_tower
D:7:      layout_layer_cave, uniq_maggie, uniq_pikel
Temple:   nicolae_temple_bog_church

Skill      XL: |  1  2  3  4  5  6  7  8  9 |
---------------+----------------------------+-----
Conjurations   | 2 3 4 5 6 7 |  7.2
Dodging        | 3 4 5 6 |  6.4
Stealth        | 3 4 5 6 |  6.3
Fire Magic     | 4 5 6 |  6.8
Spellcasting   | 3 4 5 |  5.3

Action                     |  1- 3 |  4- 6 |  7- 9 || total
---------------------------+-------+-------+-------++-------
  Melee: Unarmed           |     4 |     5 |     8 ||    17
         Kick              |     1 |     3 |     5 ||     9
         Peck              |       |       |     2 ||     2
         Rapier            |       |       |     6 ||     6
   Cast: Foxfire           |   121 |   100 |   346 ||   567
    Use: Scroll            |     2 |       |     5 ||     7
         Potion            |       |       |     2 ||     2
 Armour: Robe              |     6 |     2 |    12 ||    20
  Dodge: Dodged            |    24 |    18 |    76 ||   118

Table legend: (Time is in decaauts)
 A = Elapsed time spent in this place.
 B = Non-inter-level travel time spent in this place.
 C = Inter-level travel time spent in this place.
 D = Time resting spent in this place.
 E = Time spent auto-exploring this place.
 F = Levels seen in this place.
 G = Mean time per level.
                   A        B        C        D        E       F      G
               +--------+--------+--------+--------+--------+-----+--------+
         Total |   8687 |   8494 |    193 |    359 |   6849 |   8 | 1085.9 |
       Dungeon |   8439 |   8255 |    184 |    359 |   6684 |   7 | 1205.6 |
        Temple |    248 |    239 |      9 |      0 |    164 |   1 |  248.0 |
               +--------+--------+--------+--------+--------+-----+--------+

Top non-repeatable levels by time:
     D:1: 1706 daAuts
     D:2: 1494 daAuts
     D:6: 1169 daAuts
     D:3: 1167 daAuts
     D:4: 1108 daAuts
     D:5: 998 daAuts
     D:7: 795 daAuts
  Temple: 248 daAuts
